 Dungeon Crawl Stone Soup version 0.31-a0-851-g7ff8af7976 (webtiles) character file.

Game seed: 22222056086682218

5819 Dirtsage the Cleaver (level 10, -6/105 HPs)
             Began as a Demonspawn Berserker on Oct 5, 2023.
             Was a High Priest of Trog.
             Mangled by an orc warrior
             ... wielding a +0 short sword
              (9 damage)
             ... on level 9 of the Dungeon.
             The game lasted 00:11:24 (8400 turns).

Dirtsage the Cleaver (Demonspawn Berserker)         Turns: 8400, Time: 00:11:25

Health: -6/105     AC:  9    Str: 22    XL:     10   Next: 51%
Magic:  10/10      EV:  9    Int:  9    God:    Trog [*****.]
Gold:   474        SH: 11    Dex: 12    Spells: 9/9 levels left

rFire   . . .        g - +0 war axe
rCold   . . .        L - +0 kite shield
rNeg    . . .        a - +1 scale mail {rPois}
rPois   +            r - +0 helmet
rElec   .            (no cloak)
rCorr   .            (no gloves)
SInv    +            A - +0 pair of boots
Will    .....        (no amulet) Stlth
                     S - ring of see invisible
HPRegen 0.37/turn    q - ring of flight
MPRegen 0.12/turn

%: no passive effects
@: berserking (expiring), flying, very quick
A: hooves 1, large bone plates 1, spiny 2
a: Renounce Religion, Berserk, Trog's Hand, Brothers in Arms


You were on level 9 of the Dungeon.
You worshipped Trog.
Trog was extremely pleased with you.
You visited 2 branches of the dungeon, and saw 10 of its levels.
You also visited: Sewer.

You collected 474 gold pieces.

Inventory:

Hand Weapons
 g - a +0 war axe (weapon)
Missiles
 n - a throwing net
 F - 2 curare-tipped darts
Armour
 a - a +1 scale mail of poison resistance (worn)
 r - a +0 helmet (worn)
 A - a +0 pair of boots (worn)
 G - a +0 chain mail
 L - a +0 kite shield (worn)
Jewellery
 e - an amulet of guardian spirit
 q - a ring of flight (right hand)
 S - a ring of see invisible (left hand)
Wands
 b - a wand of flame (9)
 f - a wand of roots (19)
 y - a wand of polymorph (8)
 B - a wand of quicksilver (9)
 D - a wand of digging (3)
 J - a wand of paralysis (8)
Scrolls
 d - 2 scrolls of brand weapon {unknown}
 j - 3 scrolls of vulnerability {unknown}
 l - 6 scrolls of identify {unknown}
 m - 4 scrolls of fear {unknown}
 o - 2 scrolls of blinking {unknown}
 s - a scroll of immolation {unknown}
 t - 4 scrolls of teleportation
 u - a scroll of enchant weapon {unknown}
 z - 2 scrolls of enchant armour {unknown}
 H - a scroll of silence {unknown}
 I - a scroll of amnesia {unknown}
 K - a scroll of torment {unknown}
Potions
 c - 8 potions of heal wounds {unknown}
 h - 3 potions of attraction {unknown}
 i - 3 potions of curing {unknown}
 k - a potion of resistance {unknown}
 p - 2 potions of magic {unknown}
 v - a potion of ambrosia {unknown}
 w - a potion of lignification {unknown}
 x - a potion of mutation {unknown}
 C - a potion of might {unknown}
 E - 3 potions of haste {unknown}


   Skills:
 - Level 3.0 Fighting
 + Level 14.6 Axes
 - Level 1.7 Armour
 - Level 1.7 Dodging


You had 9 spell levels left.
You didn't know any spells.
Your spell library contained the following spells:

 Spells                   Type           Power      Damage    Failure   Level
 Freeze                   Ice            0%         1d3       96%         1
 Summon Small Mammal      Summ           0%         N/A       96%         1
 Cigotuvi's Dreadful Rot  Necr/Pois/Air  0%         N/A       99%         2
 Ensorcelled Hibernation  Hex/Ice        0%         N/A       99%         2
 Jinxbite                 Hex            0%         N/A       99%         2
 Call Canine Familiar     Summ           0%         N/A       100%        3
 Frozen Ramparts          Ice            0%         1d1       100%        3
 Hailstorm                Conj/Ice       0%         3d3       100%        3
 Ignite Poison            Fire/Tmut/Pois 0%         N/A       100%        3
 Summon Guardian Golem    Hex/Summ       0%         N/A       100%        3
 Anguish                  Hex/Necr       0%         N/A       100%        4
 Animate Dead             Necr           0%         N/A       100%        4
 Borgnjor's Vile Clutch   Necr/Erth      0%         N/A       100%        5
 Freezing Cloud           Conj/Ice/Air   0%         6-21      100%        5
 Death Channel            Necr           0%         N/A       100%        6


Dungeon Overview and Level Annotations

Branches:
Dungeon (9/15)             Temple (1/1) D:5           Sewer (visited)
   Lair: D:8-11         Orc: D:9-12

Altars:
Ashenzari
Cheibriados
Dithmenos
Fedhas
Gozag
Hepliaklqana
Kikubaaqudgha
Makhleb
Nemelex Xobeh
Okawaru
Qazlal
Ru
Sif Muna
Trog
Uskayaw
Vehumet
Xom

Shops:
D:6 :

Annotations:
D:5 exclusion: door
Temple 2 transporters


Innate Abilities, Weirdness & Mutations

You have large cloven feet.
You are partially covered in large bone plates. (SH +4)
You are mostly covered in sharp spines.


Message History

You closely miss the wraith. You hit the kobold brigand.
The wraith is struck by your spines. The wraith hits you.
* * * LOW HITPOINT WARNING * * *
The gargoyle hits you with a +0 mace!
* * * LOW HITPOINT WARNING * * *
The kobold brigand hits you with a +0 club.
* * * LOW HITPOINT WARNING * * *
You take 18 damage, and have 2/105 hp.
You hit the gargoyle but do no damage.
The gargoyle is almost destroyed.
You closely miss the wraith. You completely miss the kobold brigand.
The gnoll sergeant hits you but does no damage.
You hit the gargoyle but do no damage.
The gargoyle is almost destroyed.
You hit the wraith. You hit the kobold brigand.
You barely miss the orc warrior. The wraith is struck by your spines.
The wraith hits you but does no damage.
The gargoyle hurls a stone arrow at you.
The stone arrow misses you.
The kobold brigand hits you but does no damage.
You block the gnoll sergeant's attack.
You slash the gargoyle!
You destroy the gargoyle!
Trog accepts your kill.
Trog will now gift you melee weapons as you gain piety.
You slash the wraith! You slash the kobold brigand!
You barely miss the orc warrior. You block the orc warrior's attack.
The wraith completely misses you.
An orc priest comes into view. It is wielding a +0 hand axe.
You block the kobold brigand's attack.
You closely miss the orc priest. You closely miss the wraith.
You slash the kobold brigand!
You kill the kobold brigand!
Trog accepts your kill.
You closely miss the orc warrior. The gnoll sergeant closely misses you.
You hit the wraith.
The wraith is almost destroyed.
You slash the orc warrior! You hit the orc priest.
The orc warrior hits you with a +0 short sword!
You die...

#.....###+#......
#.....#..........
#.....#.†<.......
#.....#.####.....
+.....#........(.
#.....'..........
#######..........
######o####+#.
#.....)@....#
#.....o)W...#
#....g......#
#...........#
##########...........#
.........#.....##....#
.........##'#####....#
...............##....#
........†......#######


You could see a wraith, an orc warrior, a gnoll sergeant and an orc priest.

Vanquished Creatures
  A two-headed ogre (D:7)
  A gargoyle (D:9)
  A troll (D:9)
  12 yaks
  A steam dragon (D:9)
  A water moccasin (D:8)
  An orc warrior (D:9)
  An ice beast (D:7)
  A sky beast (D:6)
  4 ogres
  2 centaurs (D:7)
  4 kobold brigands
  2 bullfrogs
  4 wights (D:7)
  6 killer bees (D:7)
  5 howler monkeys
  2 jellies
  A gnoll bouda (D:6)
  4 hounds
  3 orc priests
  2 sleepcaps
  2 iguanas (D:5)
  4 orc wizards
  10 gnolls
  11 adders
  12 river rats
  A white imp (D:7)
  2 worms
  A dart slug (D:5)
  24 orcs
  6 endoplasms
  2 giant cockroaches
  4 goblins
  A hobgoblin (D:2)
  7 jackals (D:1)
  28 kobolds
  3 quokkas
  9 ball pythons
  8 bats
  3 frilled lizards
  19 rats
216 creatures vanquished.

Vanquished Creatures (others)
  An orc wizard (D:7)
1 creature vanquished.

Grand Total: 217 creatures vanquished

Notes
Turn   | Place    | Note
-------+----------+-------------------------------------------
     0 | D:1      | Dirtsage the Demonspawn Berserker began the quest for the
                  | Orb.
     0 | D:1      | Reached XP level 1. HP: 18/18 MP: 1/1
   276 | D:1      | Reached skill level 3 in Axes
   284 | D:1      | Gained mutation: You are partially covered in sharp spines.
                  | [demonic ancestry]
   284 | D:1      | Reached XP level 2. HP: 10/24 MP: 2/2
  1078 | D:2      | Reached XP level 3. HP: 23/29 MP: 3/3
  1080 | D:2      | Reached skill level 4 in Axes
  1219 | D:2      | Reached ** piety under Trog
  1610 | D:3      | Found a bloodstained altar of Trog.
  1643 | D:3      | Gained mutation: You are mostly covered in sharp spines.
                  | [demonic ancestry]
  1643 | D:3      | Reached XP level 4. HP: 30/35 MP: 4/4
  1850 | D:3      | Reached skill level 5 in Axes
  2099 | D:3      | Gained mutation: You have large cloven feet. [demonic
                  | ancestry]
  2099 | D:3      | Reached XP level 5. HP: 36/41 MP: 5/5
  2580 | D:4      | Noticed an ogre
  2587 | D:4      | Killed an ogre
  2588 | D:4      | Reached skill level 6 in Axes
  2592 | D:4      | Gained mutation: You are partially covered in large bone
                  | plates. (SH +4) [demonic ancestry]
  2592 | D:4      | Reached XP level 6. HP: 42/47 MP: 6/6
  2747 | D:4      | Found an iron altar of Okawaru.
  2751 | D:4      | Found a shadowy altar of Dithmenos.
  2752 | D:4      | Found a sparkling altar of Nemelex Xobeh.
  2753 | D:4      | Found a hazy altar of Hepliaklqana.
  2754 | D:4      | Found a blossoming altar of Fedhas.
  3139 | D:5      | Entered Level 5 of the Dungeon
  3403 | D:5      | Reached skill level 7 in Axes
  3500 | D:5      | Found a staircase to the Ecumenical Temple.
  3564 | D:5      | Found a shimmering blue altar of Sif Muna.
  3586 | Temple   | Found a transporter.
  3586 | Temple   | Found a transporter.
  3586 | Temple   | Found a transporter.
  3586 | Temple   | Found a transporter.
  3586 | Temple   | Entered the Ecumenical Temple
  3622 | D:5      | Found a shimmering altar of Xom.
  3849 | D:6      | Found Qiotoxo's Tiny Tomes.
  3914 | D:6      | Found a glowing drain.
  3926 | Sewer    | Entered a sewer
  3978 | Sewer    | Reached *** piety under Trog
  4086 | Sewer    | Reached XP level 7. HP: 40/52 MP: 7/7
  4487 | Sewer    | Reached **** piety under Trog
  4591 | Sewer    | Reached skill level 8 in Axes
  5154 | D:6      | Reached skill level 9 in Axes
  5154 | D:6      | Reached XP level 8. HP: 20/58 MP: 8/8
  5963 | D:7      | Reached skill level 10 in Axes
  5988 | D:7      | Reached skill level 11 in Axes
  5994 | D:7      | Reached XP level 9. HP: 24/63 MP: 9/9
  6591 | D:7      | Noticed a two-headed ogre
  6598 | D:7      | Killed a two-headed ogre
  6599 | D:7      | Reached skill level 12 in Axes
  7029 | D:7      | Reached skill level 13 in Axes
  7350 | D:7      | Found a stormy altar of Qazlal.
  7485 | D:8      | Found a broken altar of Ashenzari.
  7671 | D:8      | Reached XP level 10. HP: 70/70 MP: 10/10
  7672 | D:8      | Reached ***** piety under Trog
  8066 | D:9      | Reached skill level 14 in Axes
  8262 | D:9      | Noticed a gargoyle
  8395 | D:9      | HP: 5/105 [gargoyle/+0 mace (10)]
  8395 | D:9      | HP: 2/105 [kobold brigand/+0 club (3)]
  8398 | D:9      | Killed a gargoyle
  8400 | D:9      | Mangled by an orc warrior

Illustrated notes

Levels and vault maps discovered:
D:1:      saegor_arrival_simple_b, layout_basic, chequers_serial_rivers_small_b,
          interstate_on_off
D:2:      layout_rooms, serial_park_tiny_1
D:3:      layout_basic, overflow_temple_1_default,
          chequers_serial_rivers_micro_b, grunt_decor_clamped
D:4:      layout_loops_ring, nicolae_overflow_crystal_walls, minitemple,
          fountainhead
D:5:      layout_cave_pools, led_sif_book, kennysheep_mini,
          minmay_temple_entry_enclosed_plants
D:6:      layout_loops_ring, portal_sewer_entry_b, minmay_misc_feat_room,
          nicolae_shop_i_like_small_books_too
D:7:      layout_loops_cross, lemuel_round_altar
D:8:      layout_cave_pools, lemuel_crystal_altar, minmay_misc_feat_tower
D:9:      hangedman_cross_stitches, layout_stronghold,
          nicolae_yredelemnul_ghost_church, nicolae_wu_jian_immortal_techniques,
          david_orc_3
Temple:   hellmonk_temple_divided_pantheon

Skill      XL: |  1  2  3  4  5  6  7  8  9 10 |
---------------+-------------------------------+-----
Axes           | 3 4 5 6 7 9 11 13 14 | 14.6
Fighting       | |  3.0
Armour         | |  1.7
Dodging        | |  1.7

Action                     |  1- 3 |  4- 6 |  7- 9 | 10-12 || total
---------------------------+-------+-------+-------+-------++-------
  Melee: Hand axe          |    15 |       |       |       ||    15
         War axe           |    38 |    92 |   241 |    51 ||   422
         Kick              |       |    21 |    25 |       ||    46
         Punch             |       |     1 |     1 |       ||     2
 Invoke: Berserk           |     1 |     2 |     5 |     3 ||    11
    Use: Scroll            |       |       |     1 |       ||     1
   Stab: Sleeping          |       |     2 |       |       ||     2
 Armour: Animal skin       |    28 |    44 |    23 |       ||    95
         Chain mail        |       |       |    33 |       ||    33
         Scale mail        |       |       |    86 |    62 ||   148
  Dodge: Dodged            |    50 |    42 |    91 |    31 ||   214
  Block: Other             |       |    19 |    45 |     1 ||    65
         Kite shield       |       |       |       |    37 ||    37

Table legend: (Time is in decaauts)
 A = Elapsed time spent in this place.
 B = Non-inter-level travel time spent in this place.
 C = Inter-level travel time spent in this place.
 D = Time resting spent in this place.
 E = Time spent auto-exploring this place.
 F = Levels seen in this place.
 G = Mean time per level.
                   A        B        C        D        E       F      G
               +--------+--------+--------+--------+--------+-----+--------+
         Total |   8515 |   8267 |    248 |    795 |   6398 |  11 |  774.1 |
       Dungeon |   7570 |   7322 |    248 |    663 |   5759 |   9 |  841.1 |
        Temple |      4 |      4 |      0 |      0 |      0 |   1 |    4.0 |
         Sewer |    940 |    940 |      0 |    131 |    639 |   1 |  940.0 |
               +--------+--------+--------+--------+--------+-----+--------+

Top non-repeatable levels by time:
     D:7: 1660 daAuts
     D:1: 1096 daAuts
     D:3: 945 daAuts
     D:6: 945 daAuts
   Sewer: 940 daAuts
     D:5: 797 daAuts
     D:8: 732 daAuts
     D:4: 693 daAuts
     D:2: 453 daAuts
     D:9: 245 daAuts
  Temple: 4 daAuts
